 Dungeon Crawl Stone Soup version 0.13.0-7-g3df9ff1 (webtiles) character file.

59 Piginabag the Ruffian (level 2, -1/25 HPs)
             Began as a Naga Transmuter on Oct 16, 2013.
             Slain by a quokka (4 damage)
             ... on Level 1 of the Dungeon.
             The game lasted 00:04:25 (1078 turns).

Piginabag the Ruffian (Naga Transmuter)             Turns: 1078, Time: 00:04:26

HP  -1/25        AC  0     Str 12      XL: 2   Next: 29%
MP   2/3         EV 10     Int 13      God:
Gold 48          SH  0     Dex 11      Spells:  1 memorised,  4 levels left

Res.Fire  : . . .   See Invis. : +   h - +0 dagger
Res.Cold  : . . .   Warding    : .   (no armour)
Life Prot.: . . .   Conserve   : .   (no shield)
Res.Poison: +       Res.Corr.  : .   (helmet restricted)
Res.Elec. : .       Clarity    : .   (no cloak)
Sust.Abil.: . .     Spirit.Shd : .   (no gloves)
Res.Mut.  : .       Stasis     : .   (no barding)
Res.Rott. : .       Flight     : .   (no amulet)
Saprovore : . . .                    (no ring)
                                     (no ring)

@: appendage (expiring), very slow, slightly resistant to hostile enchantments,
unstealthy
A: spit poison, horns 2, see invisible, deformed body, poison resistance,
slowness 2
a: Spit Poison, End Transformation


You were on level 1 of the Dungeon.
You were hungry.
You had grown temporary horns.
You visited 1 branch of the dungeon, and saw 1 of its levels.

You collected 28 gold pieces.

Inventory:

Hand weapons
 g - a -1,+1 orcish club (quivered)
 h - a +0,+0 dagger (weapon)
 i - a +0,+0 elven short sword
Missiles
 b - 12 arrows
Armour
 c - a +0 robe
 f - a +1 plate armour of cold resistance
Comestibles
 a - a bread ration
Potions
 e - a potion of restore abilities {unknown}
 j - a potion of slowing {unknown}
Books
 d - a book of Changes

   Spells                             Type                      Level
   *Beastly Appendage                 Transmutation                1
   Sticks to Snakes                   Transmutation                2
   Spider Form                        Transmutation/Poison         3
   Ice Form                           Ice/Transmutation            4
   Blade Hands                        Transmutation                5


   Skills:
 + Level 1.0 Fighting
 + Level 0.1 Armour
 + Level 1.7 Dodging
 + Level 3.3 Unarmed Combat
 + Level 2.1 Spellcasting
 + Level 2.1 Transmutations


You had 4 spell levels left.
You knew the following spells:

 Your Spells              Type           Power        Failure   Level  Hunger
a - Beastly Appendage     Trmt           #.....       12%         1    ##.....


Dungeon Overview and Level Annotations

Branches:
Dungeon (1/27)

Altars:


Innate Abilities, Weirdness & Mutations

You cannot wear boots.
You can spit poison.
You have supernaturally acute eyesight.
Armour fits poorly on your strangely shaped body.
Your system is resistant to poisons.
You cover ground very slowly.
You have a pair of horns on your head.


Message History

The quokka bites you.
You barely miss the quokka.
The quokka is moderately wounded.
The quokka closely misses you.
You miss the quokka.
The quokka is moderately wounded.
The quokka bites you.
Casting: Beastly Appendage
Confirm with . or Enter, or press ? or * to list all spells.
You grow a pair of large bovine horns.
The quokka closely misses you.
You miss the quokka. The quokka closely misses you.
You barely miss the quokka. The quokka bites you.
* * * LOW HITPOINT WARNING * * *
You barely miss the quokka. The quokka bites you.
* * * LOW HITPOINT WARNING * * *
You hit the quokka but do no damage. You headbutt the quokka.
The quokka is heavily wounded.
Your transformation is almost over.
The quokka bites you.
You die...

#.##.##..#......#### .#
#%##.####.####### .#
###.##.# ### . #...##.#
#.####.# #.# #.#########
#.# #.........# #.#
#########.# #.# #@# #.# #r#
#.###### ... ). #.##...##
#.#.# ...
#.#.....#####.#.#####.##
#........#....#....#...##
#..........#######......##
#.............#..........##
#.............#...........#


You could see a quokka.

Vanquished Creatures
  A goblin (D:1)
  3 hobgoblins (D:1)
  3 kobolds (D:1)
  A bat (D:1)
  A giant newt (D:1)
  3 rats (D:1)
12 creatures vanquished.

Notes
Turn   | Place    | Note
--------------------------------------------------------------
     0 | D:1      | Piginabag, the Naga Transmuter, began the quest for the Orb.
     0 | D:1      | Reached XP level 1. HP: 18/18 MP: 1/1
   469 | D:1      | Reached XP level 2. HP: 19/25 MP: 3/3
  1078 | D:1      | Slain by a quokka

Action                   || total
-------------------------++-------
Melee: Unarmed           ||    12
       Club              ||    46
       Dagger            ||    16
 Cast: Beastly Appendage ||     4
